 Dungeon Crawl Stone Soup version 0.23.2-33-g5129a83184 (webtiles) character file.

Game seed: 5650565764486354390

254 AarnesTheHuman the Covered (level 6, -3/51 HPs)
             Began as a Barachi Fighter on Aug 7, 2019.
             Blown up by Ijyb (12 damage)
             ... with a wand of disintegration (14)
             ... on level 3 of the Dungeon.
             The game lasted 00:08:11 (3545 turns).

AarnesTheHuman the Covered (Barachi Fighter)        Turns: 3545, Time: 00:08:11

Health: -3/51      AC:  8    Str: 21    XL:     6   Next: 15%
Magic:  0/15       EV:  7    Int:  8    God:
Gold:   121        SH:  9    Dex: 10    Spells: 5/5 levels left

rFire    . . .     SeeInvis .   a - +0 long sword
rCold    . . .     Gourm    .   c - +0 shield
rNeg     . . .     Faith    +   b - +0 scale mail
rPois    .         Spirit   +   (no helmet)
rElec    .         Reflect  .   m - scarf {Spirit}
rCorr    .         Harm     .   r - +0 pair of gloves
MR       .....     Clarity  +   (no boots)
Stlth    ..........             e - amulet of faith
HPRegen  0.17/turn              j - ring of magical power
MPRegen  0.14/turn              (no ring)

@: can't hop, slow
A: +LOS, swims, clarity, clumsy 1, slowness 1, strong 1, strong legs 1
a: Hop


You were on level 3 of the Dungeon.
You were not hungry.

You visited 1 branch of the dungeon, and saw 3 of its levels.

You collected 121 gold pieces.

Inventory:

Hand Weapons
 a - a +0 long sword (weapon)
 h - a +0 spear of freezing
 s - a +1 dagger of holy wrath
Armour
 b - a +0 scale mail (worn)
 c - a +0 shield (worn)
 m - a scarf of spirit shield (worn)
 r - a +0 pair of gloves (worn)
 v - a +1 pair of gloves
Jewellery
 e - an amulet of faith (around neck)
 j - a ring of magical power (left hand)
 t - an uncursed ring of stealth {unknown}
 u - an uncursed ring of positive energy {unknown}
Scrolls
 d - a scroll of remove curse {unknown}
 g - 5 scrolls of identify {unknown}
 k - a scroll of enchant armour {unknown}
 n - 2 scrolls of enchant weapon {unknown}
 o - a scroll of amnesia {unknown}
 q - a scroll of fog {unknown}
Potions
 i - a potion of resistance {unknown}
 l - a potion of mutation
 p - a potion of invisibility {unknown}
 x - a potion of curing {unknown}
Comestibles
 f - 5 rations
 w - 3 chunks of flesh


   Skills:
 + Level 5.0 Fighting
 + Level 4.3 Long Blades
 + Level 5.1 Armour
 + Level 4.5 Shields


You had 5 spell levels left.
You didn't know any spells.
Your spell library was empty.

Dungeon Overview and Level Annotations

Branches:
Dungeon (3/15)

Altars:
Xom
The Shining One

Annotations:
D:3 Ijyb


Innate Abilities, Weirdness & Mutations

Shadows flee at your approach. (+LOS)
You can swim through water.
You cover ground slowly.
You can hop short distances.
You possess an exceptional clarity of mind.
You are clumsy. (Dex -2)
Your muscles are strong. (Str +2)


Message History

You see here 25 stones.
You see here 17 sling bullets.
Okay, then.
You see here 25 stones.
It was a potion of mutation.
You feel extremely strange.
Your thoughts seem clearer.
You feel clumsy.
You feel stronger.
Okay, then.
Ijyb hits you with a +0 club.
You hit Ijyb.
Ijyb is lightly wounded.
Ijyb zaps a wand.
You are blasted!
* * * LOW HITPOINT WARNING * * *
You slash Ijyb!
Ijyb is heavily wounded.
Ijyb zaps a wand.
You are blasted!
* * * LOW HITPOINT WARNING * * *
You hit Ijyb but do no damage.
Ijyb is heavily wounded.
Ijyb zaps a wand.
You are blasted!
You die...

#....# #.##. #g####
##.#^. #.# #...#. #.#
#..... #.# #...#. #.#
##.#.. #.##############.#
#.##.
#.......g........####.###
########@#####........#
#...((.# ###.####.#
#.####.# #...###.## #.#
#... #......# #.# #.###
#...###..# #.# #.# ##
#...## #.# #.# #.#.<# #.#
#.# #....# #.# #.#
#.###.#..#


You could see Ijyb.

Vanquished Creatures
  An orc priest (D:3)
  An orc wizard (D:2)
  7 adders
  7 gnolls
  2 dart slugs (D:1)
  A leopard gecko (D:1)
  7 orcs
  5 bats
  A giant cockroach (D:2)
  7 goblins
  9 hobgoblins
  A quokka (D:2)
  3 ball pythons (D:1)
  4 frilled lizards
  5 kobolds
  9 rats
70 creatures vanquished.

Notes
Turn   | Place    | Note
-------+----------+-------------------------------------------
     0 | D:1      | AarnesTheHuman the Barachi Fighter began the quest for the
                  | Orb.
     0 | D:1      | Reached XP level 1. HP: 18/18 MP: 1/1
    75 | D:1      | Reached XP level 2. HP: 18/25 MP: 2/2
   722 | D:1      | Reached XP level 3. HP: 30/30 MP: 3/3
  1440 | D:2      | Reached XP level 4. HP: 26/37 MP: 4/4
  1688 | D:2      | Found a shimmering altar of Xom.
  2281 | D:2      | Found a glowing golden altar of the Shining One.
  2686 | D:2      | Reached XP level 5. HP: 39/43 MP: 5/5
  3142 | D:3      | Reached skill level 5 in Fighting
  3142 | D:3      | Reached skill level 5 in Armour
  3142 | D:3      | Reached XP level 6. HP: 20/51 MP: 6/6
  3524 | D:3      | Noticed Ijyb
  3541 | D:3      | Gained mutation: You possess an exceptional clarity of
                  | mind. [potion of mutation]
  3541 | D:3      | Gained mutation: You are clumsy. (Dex -2) [potion of
                  | mutation]
  3541 | D:3      | Gained mutation: Your muscles are strong. (Str +2) [potion
                  | of mutation]
  3545 | D:3      | Blown up by Ijyb

Skill      XL: |  1  2  3  4  5 |
---------------+----------------+-----
Fighting       | 4 5 |  5.0
Armour         | 4 5 |  5.1
Long Blades    | 3 4 |  4.3
Shields        | 4 |  4.5

Action                   |  1- 3 |  4- 6 || total
-------------------------+-------+-------++-------
Melee: Long sword        |   127 |   162 ||   289
 Abil: Hop               |       |     2 ||     2
  Use: Potion            |       |     2 ||     2
  Eat: Chunk             |     2 |     8 ||    10
Armor: Scale mail        |    62 |    69 ||   131
Dodge: Dodged            |    45 |    40 ||    85
Block: Shield            |    69 |    95 ||   164
       Rpst.: Long sword |    13 |     8 ||    21
